 Dungeon Crawl Stone Soup version 0.24-a0-291-g79c1ce788c (webtiles) character file.

Game seed: 8131882171941197497

21 Redear the Skirmisher (level 2, -6/24 HPs)
             Began as a Demonspawn Chaos Knight on May 9, 2019.
             Was a Plaything of Xom.
             Killed from afar by a fire crab (glowing shapeshifter) (10 damage)
             ... with a blast of flame
             ... on level 1 of the Dungeon.
             The game lasted 00:00:41 (788 turns).

Redear the Skirmisher (Demonspawn Chaos Knight)      Turns: 788, Time: 00:00:42

Health: -6/24      AC:  5    Str: 12    XL:     2   Next: 62%
Magic:  2/2        EV: 11    Int: 13    God:    Xom [.*....]
Gold:   21         SH:  0    Dex: 14    Spells: 1/1 levels left

rFire    . . .     SeeInvis .   a - +0 hand axe (chaos)
rCold    . . .     Gourm    .   (no shield)
rNeg     . . .     Faith    .   b - +2 leather armour
rPois    +         Spirit   .   (no helmet)
rElec    .         Reflect  .   (no cloak)
rCorr    .         Harm     .   (no gloves)
MR       .....                  (no boots)
Stlth    +.........             (no amulet)
HPRegen  0.08/turn              (no ring)
MPRegen  0.08/turn              (no ring)

@: no status effects
A: claws 1, hooves 1, agile 1, poison resistance
a: Renounce Religion


You were on level 1 of the Dungeon.
You worshipped Xom.
You were a plaything of Xom.
You were not hungry.

You visited 1 branch of the dungeon, and saw 1 of its levels.

You collected 21 gold pieces.

Inventory:

Hand Weapons
 a - a +0 hand axe of chaos (weapon)
Armour
 b - a +2 leather armour (worn)
Scrolls
 c - 2 scrolls of remove curse {unknown}
Comestibles
 z - 3 rations


   Skills:
 + Level 3.2 Fighting
 + Level 2.9 Axes
 + Level 2.1 Armour
 + Level 1.3 Dodging


You had one spell level left.
You didn't know any spells.
Your spell library was empty.

Dungeon Overview and Level Annotations

Branches:
Dungeon (1/15)

Altars:


Innate Abilities, Weirdness & Mutations

You have sharp fingernails.
You have large cloven feet.
You are agile. (Dex +2)
Your system is resistant to poisons. (rPois)


Message History

* * * LOW HITPOINT WARNING * * *
You take 9 damage, and have 3/24 hp.
MASSIVE DAMAGE!!
You hit the floating eye.
The floating eye is moderately wounded.
The floating eye's stare focuses on you.
It was a potion of mutation.
You feel extremely strange.
You feel agile.
Your feet thicken and deform.
You feel resistant to poisons.
The floating eye changes into a jumping spider!
You barely miss the jumping spider. Your kick misses the jumping spider.
The jumping spider is lightly wounded.
The jumping spider changes into a meliai!
You hit the meliai.
The meliai is moderately wounded.
The meliai changes into a fire crab!
Xom rains down devastation!
The fireball engulfs the fire crab.
The fire crab completely resists.
The fire crab breathes flames at you. The blast of flame engulfs you!
You die...
Xom giggles madly!

###....####.........####........
#.......'..)......+...........
##...####.........####...#.##.
#..## ##.......## ##....##. #.##
##.....## #..####. #.# ##...##
#..# #. #.# ##'## #..# #. #.#
#.# #... .. .. #@# ##. ## ##☼##
#.t.# #.....# ##...## .....
#######


You could see a fire crab shaped shifter.

Vanquished Creatures
  An ooze (D:1)
  A giant cockroach (D:1)
  4 goblins (D:1)
  A hobgoblin (D:1)
  4 kobolds (D:1)
  A bat (D:1)
  2 frilled lizards (D:1)
  3 rats (D:1)
17 creatures vanquished.

Vanquished Creatures (others)
  5 toadstools (D:1)
5 creatures vanquished.

Grand Total: 22 creatures vanquished

Notes
Turn   | Place    | Note
-------+----------+-------------------------------------------
     0 | D:1      | Redear the Demonspawn Chaos Knight began the quest for the
                  | Orb.
     0 | D:1      | Reached XP level 1. HP: 18/18 MP: 1/1
    19 | D:1      | Reached skill level 1 in Dodging
   175 | D:1      | Reached skill level 2 in Armour
   175 | D:1      | Gained mutation: You have sharp fingernails. [demonic
                  | ancestry]
   175 | D:1      | Reached XP level 2. HP: 11/24 MP: 2/2
   584 | D:1      | XOM: silly message
   779 | D:1      | Noticed a glowing shapeshifter
   779 | D:1      | a frilled lizard changed into a glowing shapeshifter
   779 | D:1      | Noticed a faun
   779 | D:1      | a glowing shapeshifter changed into a faun
   782 | D:1      | Noticed a floating eye
   782 | D:1      | a faun changed into a floating eye
   783 | D:1      | XOM: medium Fire miscast
   785 | D:1      | Gained mutation: You are agile. (Dex +2) [potion of
                  | mutation]
   785 | D:1      | Gained mutation: You have large cloven feet. [potion of
                  | mutation]
   785 | D:1      | Gained mutation: Your system is resistant to poisons.
                  | (rPois) [potion of mutation]
   785 | D:1      | Noticed a jumping spider
   785 | D:1      | a floating eye changed into a jumping spider
   786 | D:1      | Noticed a meliai
   786 | D:1      | a jumping spider changed into a meliai
   787 | D:1      | Noticed a fire crab
   787 | D:1      | a meliai changed into a fire crab
   788 | D:1      | XOM: destruction
   788 | D:1      | Killed from afar by a fire crab (glowing shapeshifter)

Levels and vault maps discovered:
D:1:      ldierk_walled_garden, layout_loops_corners

Skill      XL: |  1 |
---------------+----+-----
Dodging        | 1 |  1.3
Armour         | 2 |  2.1
Fighting       | |  3.2
Axes           | |  2.9

Action                   || total
-------------------------++-------
Melee: Hand axe          ||    63
  Use: Potion            ||     1
Armor: Leather armour    ||    18
Dodge: Dodged            ||    32

Table legend:
 A = Non-vault XP
 B = Vault XP
 C = Vault XP percentage of total XP
 D = Non-vault monster count
 E = Vault monster count
 F = Vault count percentage of total count
                 A         B        C        D         E       F
            +---------+---------+-------+---------+---------+-------
      Total |      30 |       0 |   0.0 |      17 |       0 |   0.0
            +---------+---------+-------+---------+---------+-------
        D:1 |      30 |       0 |   0.0 |      17 |       0 |   0.0
            +---------+---------+-------+---------+---------+-------
